 Dungeon Crawl Stone Soup version 0.30-a0-782-ge64f9170bb (webtiles) character file.

Game seed: 892555805472041210

4464 HoaS the Carver (level 10, -2/79 (83) HPs)
             Began as a Minotaur Gladiator on Mar 7, 2023.
             Slain by an ice devil (10 damage)
             ... summoned by a kobold demonologist
             ... on level 8 of the Dungeon.
             The game lasted 00:19:58 (7290 turns).

HoaS the Carver (Minotaur Gladiator)                Turns: 7290, Time: 00:19:58

HP:   -2/79 (83)    AC: 14    Str: 18    XL:     10   Next: 15%
MP:   9/9           EV: 15    Int:  5    God:
Gold: 231           SH:  5    Dex: 17    Spells: 9/9 levels left

rFire   . . .      SeeInvis .    a - +0 long sword (elec)
rCold   . . .      Faith    .    (no shield)
rNeg    . . .      Spirit   .    y - +0 acid dragon scales
rPois   .          Reflect  +    c - +0 hat
rElec   .          Harm     .    o - +0 cloak
rCorr   +          Rampage  .    n - +1 pair of gloves
Will    .....                    t - +1 pair of boots
Stlth   +                        p - amulet of reflection
HPRegen 0.33/turn                (no ring)
MPRegen 0.11/turn                (no ring)

@: mighty, lightly drained
A: horns 2, retaliatory headbutt
a: no special abilities


You were on level 8 of the Dungeon.
You visited 2 branches of the dungeon, and saw 9 of its levels.

You collected 231 gold pieces.

Inventory:

Hand Weapons
 a - a +0 long sword of electrocution (weapon)
Missiles
 d - 3 throwing nets (quivered)
 e - 4 javelins
Armour
 c - a +0 hat (worn)
 n - a +1 pair of gloves (worn)
 o - a +0 cloak (worn)
 t - a +1 pair of boots (worn)
 y - +0 acid dragon scales (worn)
Jewellery
 p - an amulet of reflection (around neck)
 q - a ring of ice
Wands
 m - a wand of roots (9)
 r - a wand of paralysis (11)
 v - a wand of polymorph (17)
 w - a wand of acid (4)
Scrolls
 f - a scroll of fear
 k - 2 scrolls of teleportation
 u - 2 scrolls of identify
 x - 2 scrolls of blinking
 A - a scroll of butterflies {unknown}
Potions
 b - 3 potions of heal wounds
 g - 3 potions of attraction
 h - 2 potions of lignification
 i - 2 potions of might
 j - 4 potions of curing
 l - 2 potions of resistance
 s - 3 potions of flight
 z - a potion of cancellation {unknown}


   Skills:
 + Level 6.3 Fighting
 - Level 14.0 Long Blades
 - Level 2.0 Throwing
 * Level 7.5 Armour
 + Level 6.3 Dodging


You had 9 spell levels left.
You didn't know any spells.
Your spell library contained the following spells:

 Spells                   Type           Power      Damage    Failure   Level
 Ignite Poison            Fire/Tmut/Pois 0%         N/A       90%         3
 Stone Arrow              Conj/Erth      0%         3d7       90%         3
 Summon Guardian Golem    Hex/Summ       0%         N/A       90%         3
 Animate Armour           Summ/Erth      0%         N/A       100%        4
 Sticky Flame             Conj/Fire      0%         2d3       100%        4
 Orb of Destruction       Conj           0%         9d5       100%        7
 Spellforged Servitor     Conj/Summ      0%         N/A       100%        7
 Ignition                 Fire           0%         3d3       100%        8
 Lehudib's Crystal Spear  Conj/Erth      0%         10d2      100%        8


Dungeon Overview and Level Annotations

Branches:
Dungeon (8/15)             Temple (1/1) D:5
   Lair: D:8-11

Altars:
Ashenzari
Cheibriados
Dithmenos
Elyvilon
Fedhas
Gozag
Hepliaklqana
Kikubaaqudgha
Makhleb
Nemelex Xobeh
Okawaru
Qazlal
Ru
Sif Muna
Trog
Uskayaw
Vehumet
Wu Jian
Xom
Yredelemnul
Zin
The Shining One

Shops:
D:3 (   D:7 [


Innate Abilities, Weirdness & Mutations

You have a pair of horns on your head.
You reflexively headbutt those who attack you in melee.


Message History

The sixfirhy disappears in a puff of smoke!
The soul eater barely misses you.
You completely miss the kobold demonologist.
Your headbutt misses the kobold demonologist.
The kobold brigand hits you with a +0 whip.
You block the kobold demonologist's attack.
The kobold demonologist gestures wildly while chanting.
You slash the kobold demonologist!
The kobold demonologist is moderately wounded.
The soul eater barely misses you. You furiously retaliate!
You headbutt the soul eater!
The kobold demonologist casts a spell.
The kobold brigand completely misses you.
You completely miss the kobold demonologist.
The kobold demonologist is moderately wounded.
You block the ice devil's attack. The soul eater hits you!
You feel drained.
You closely miss the kobold demonologist.
The kobold demonologist is moderately wounded.
The kobold brigand barely misses you. You furiously retaliate!
You headbutt the kobold brigand!
You kill the kobold brigand!
The kobold demonologist miscasts a cantrip.
The ice devil hits you but does no damage.
The soul eater closely misses you.
You closely miss the kobold demonologist.
The kobold demonologist is moderately wounded.
You block the kobold demonologist's attack.
You barely miss the kobold demonologist.
The kobold demonologist is moderately wounded.
The ice devil closely misses you. You furiously retaliate!
You headbutt the ice devil!! The soul eater hits you!
* * * LOW HITPOINT WARNING * * *
You feel drained.
You block the kobold demonologist's attack.
You miss the kobold demonologist.
The kobold demonologist is moderately wounded.
The ice devil hits you!
* * * LOW HITPOINT WARNING * * *
The ice devil freezes you!
You die...

.......# #.###.....## .......#
#.# #####..# .......#### #.# ##'#
..........# #.# #.# ##
.##.##.##.# #.# #.# ÷..
.......##.###.# ##.## .4÷.
###.##........#######...####K4K..
.......##.######4KKKKKK...KKK÷K4.
.....>.##.######@####...####4KK..
.##............3)...##.##.# ÷÷..
....#.####.##.##.##.##.##.# K..
.##<#.# #.##.##.##.##.##.#######
.##.#.# #...........#+#......#
......# #.##.##.##.##.##.###.##
##...## #.......##.......##...##
#...# #.##.......##.#####.....
#...#####.#####.##.##.# #...#.


You could see a soul eater (summoned), an ice devil (summoned), 2 kobold
demonologists and 4 kobold brigands.

Vanquished Creatures
  Pikel (D:4)
  Joseph (D:7)
  2 kobold demonologists (D:8)
  Grinder (D:4)
  A wraith (D:6)
  Menkaure (D:4)
  An acid dragon (D:8)
  3 water moccasins
  A sky beast (D:7)
  3 ogres
  2 black bears
  A centaur (D:7)
  4 lemures (D:4)
  A phantom (D:5)
  3 kobold brigands
  A bullfrog (D:7)
  2 necrophages (D:5)
  3 killer bees (D:7)
  2 gnoll boudas
  4 hounds (D:6)
  2 jellies
  3 orc priests (D:5)
  Crazy Yiuf (D:6)
  Natasha (thrice) (D:4)
  5 iguanas
  6 orc wizards
  12 gnolls
  12 adders
  3 shadow imps
  3 white imps
  2 ufetubi
  2 dart slugs
  21 orcs
  7 ball pythons
  7 endoplasms
  A giant cockroach (D:1)
  3 goblins
  5 hobgoblins
  6 quokkas
  5 bats
  A frilled lizard (D:1)
  14 kobolds
  5 rats
167 creatures vanquished.

Vanquished Creatures (others)
  3 plants (D:4)
3 creatures vanquished.

Grand Total: 170 creatures vanquished

Notes
Turn   | Place    | Note
-------+----------+-------------------------------------------
     0 | D:1      | HoaS the Minotaur Gladiator began the quest for the Orb.
     0 | D:1      | Reached XP level 1. HP: 18/18 MP: 0/0
   116 | D:1      | Reached skill level 4 in Long Blades
   342 | D:1      | Reached XP level 2. HP: 25/25 MP: 1/1
  1401 | D:2      | Found a bloodstained altar of Trog.
  1562 | D:2      | Reached skill level 5 in Long Blades
  1562 | D:2      | Reached XP level 3. HP: 28/30 MP: 2/2
  2343 | D:3      | You fall into a shaft and drop 3 floors!
  2346 | D:5      | Entered Level 5 of the Dungeon
  2359 | D:5      | Reached skill level 6 in Long Blades
  2359 | D:5      | Reached XP level 4. HP: 29/37 MP: 3/3
  2359 | D:5      | Noticed a necrophage
  2403 | D:5      | Killed a necrophage
  2404 | D:5      | Reached skill level 7 in Long Blades
  2404 | D:5      | Reached XP level 5. HP: 42/42 MP: 4/4
  2453 | D:4      | Noticed a lemure
  2486 | D:4      | Killed a lemure
  2586 | D:3      | Found Ovvureg's Antique Weapon Shop.
  2996 | D:4      | Found a hazy altar of Hepliaklqana.
  3074 | D:4      | Noticed Menkaure
  3081 | D:4      | Killed Menkaure
  3082 | D:4      | Reached skill level 8 in Long Blades
  3082 | D:4      | Reached XP level 6. HP: 14/50 MP: 5/5
  3163 | D:4      | Noticed Natasha
  3175 | D:4      | Killed Natasha
  3181 | D:4      | Reached skill level 9 in Long Blades
  3533 | D:4      | Noticed Pikel
  3542 | D:4      | Killed Pikel
  3543 | D:4      | Reached skill level 11 in Long Blades
  3543 | D:4      | Reached XP level 7. HP: 48/56 MP: 6/6
  3621 | D:4      | Noticed Grinder
  3631 | D:4      | Paralysed by Grinder for 2 turns
  3633 | D:4      | Killed Grinder
  3634 | D:4      | Reached XP level 8. HP: 40/62 MP: 7/7
  3700 | D:4      | Noticed Natasha
  3709 | D:4      | Killed Natasha
  3731 | D:4      | Noticed Natasha
  3736 | D:4      | Killed Natasha
  3737 | D:4      | Reached skill level 12 in Long Blades
  4324 | D:5      | Reached skill level 13 in Long Blades
  4608 | D:5      | Found a staircase to the Ecumenical Temple.
  4622 | Temple   | Entered the Ecumenical Temple
  5099 | D:6      | Reached skill level 14 in Long Blades
  5140 | D:6      | Found a runed translucent door.
  5141 | D:6      | Noticed Crazy Yiuf
  5252 | D:6      | Found a hide-covered altar of Uskayaw.
  5268 | D:6      | Found a blossoming altar of Fedhas.
  5280 | D:6      | Found a shadowy altar of Dithmenos.
  5289 | D:6      | Found a glowing silver altar of Zin.
  5400 | D:6      | Reached skill level 1 in Armour
  5400 | D:6      | Reached XP level 9. HP: 45/69 MP: 8/8
  5845 | D:6      | Killed Crazy Yiuf
  5887 | D:7      | Noticed Joseph
  5923 | D:7      | Killed Joseph
  5930 | D:7      | Reached skill level 5 in Dodging
  6017 | D:7      | Reached skill level 5 in Fighting
  6017 | D:7      | Reached skill level 5 in Armour
  6480 | D:7      | Found Wavid's Armour Shop.
  6684 | D:8      | Reached XP level 10. HP: 42/83 MP: 9/9
  7243 | D:8      | Found the +7 Throatcutter {drain, coup de grace}
  7244 | D:8      | Noticed a rust devil
  7245 | D:8      | Noticed an orange demon
  7278 | D:8      | Noticed a soul eater
  7283 | D:8      | Noticed a sixfirhy
  7290 | D:8      | Slain by an ice devil

Illustrated notes

Levels and vault maps discovered:
D:1:      dpeg_arrival_signposts, layout_basic, roderic_roman_lattice,
          minivault_27, dk_noncrumbling_2
D:2:      layout_basic, basic_altar, serial_forest, infiniplex_forest_lined_2,
          infiniplex_forest_clump_long, infiniplex_forest_clump_double,
          infiniplex_forest_corner_1, infiniplex_forest_clump_long,
          infiniplex_forest_lined_2, infiniplex_forest_clump_C
D:3:      layout_basic, serial_curves, eino_curves_02, eino_curves_01,
          eino_curves_04, eino_curves_04, serial_shops, nicolae_diamond_shop,
          minmay_checkerbox
D:4:      layout_basic, nicolae_hepliaklqana_hazy_memory,
          chequers_ossuary_entry_cave, eino_tiny_chamber, uniq_pikel,
          uniq_natasha, uniq_grinder, uniq_menkaure
D:5:      layout_cave_pools, minmay_temple_entry_butterflies
D:6:      layout_basic, grunt_temple_overflow_cloverleaf,
          minmay_misc_feat_hallway, uniq_crazy_yiuf_cottage
D:7:      layout_loops_ring, serial_shops, nicolae_shop_advertising_works
          [nicolae_subvault_shop_adworks], grunt_ministairs_1, uniq_joseph
D:8:      layout_loops_cross, dilly_guarded_unrand_throatcut
Temple:   bh_familiar_temple

Skill      XL: |  1  2  3  4  5  6  7  8  9 10 |
---------------+-------------------------------+-----
Long Blades    | 4 5 6 7 8 11 14 | 14.0
Fighting       | 3 5 6 |  6.3
Armour         | 1 6 7 |  7.5
Dodging        | 6 |  6.3
Throwing       | |  2.0

Action                     |  1- 3 |  4- 6 |  7- 9 | 10-12 || total
---------------------------+-------+-------+-------+-------++-------
  Melee: Long sword        |    83 |    77 |   283 |    27 ||   470
         Headbutt          |    11 |    15 |    48 |     4 ||    78
         Punch             |     1 |       |     4 |     1 ||     6
  Throw: Javelin           |       |     3 |    11 |       ||    14
    Use: Scroll            |     9 |     5 |     5 |       ||    19
         Potion            |       |     1 |     1 |     1 ||     3
   Stab: Sleeping          |     1 |       |       |       ||     1
 Armour: Leather armour    |     6 |       |       |       ||     6
         Scale mail        |    19 |    22 |   124 |     1 ||   166
         Ring mail         |     3 |       |       |       ||     3
         Acid dragon scale |       |       |       |    11 ||    11
  Dodge: Dodged            |    49 |    26 |   115 |    19 ||   209
  Block: Other             |    14 |    14 |    50 |     9 ||    87
         Reflection        |       |       |     2 |     2 ||     4

Table legend: (Time is in decaauts)
 A = Elapsed time spent in this place.
 B = Non-inter-level travel time spent in this place.
 C = Inter-level travel time spent in this place.
 D = Time resting spent in this place.
 E = Time spent auto-exploring this place.
 F = Levels seen in this place.
 G = Mean time per level.
                   A        B        C        D        E       F      G
               +--------+--------+--------+--------+--------+-----+--------+
         Total |   7236 |   6939 |    297 |    888 |   4758 |   9 |  804.0 |
       Dungeon |   7075 |   6791 |    284 |    888 |   4616 |   8 |  884.4 |
        Temple |    161 |    148 |     13 |      0 |    142 |   1 |  161.0 |
               +--------+--------+--------+--------+--------+-----+--------+

Top non-repeatable levels by time:
     D:4: 1350 daAuts
     D:1: 1174 daAuts
     D:6: 985 daAuts
     D:2: 847 daAuts
     D:3: 719 daAuts
     D:7: 683 daAuts
     D:8: 660 daAuts
     D:5: 654 daAuts
  Temple: 161 daAuts
